 Dungeon Crawl Stone Soup version 0.28.0-53-g5a82cb258f (webtiles) character file.

Game seed: 14985447071011456391

102 Arcadio the Skirmisher (level 4, -1/36 HPs)
             Began as a Demonspawn Abyssal Knight on June 2, 2022.
             Was a Follower of Lugonu.
             Slain by a gnoll
             ... wielding a +0 whip
              (4 damage)
             ... on level 2 of the Dungeon.
             The game lasted 00:04:08 (2160 turns).

Arcadio the Skirmisher (Demonspawn Abyssal Knight)  Turns: 2160, Time: 00:04:08

Health: -1/36      AC:  9    Str: 15    XL:     4   Next: 49%
Magic:  6/6        EV: 11    Int: 12    God:    Lugonu [*.....]
Gold:   117        SH:  0    Dex: 13    Spells: 3/3 levels left

rFire   . . .      SeeInvis .   a - +1 falchion
rCold   . . .      Faith    .   (no shield)
rNeg    . . .      Spirit   .   d - +0 ring mail
rPois   .          Reflect  .   (no helmet)
rElec   .          Harm     .   (no cloak)
rCorr   .          Rampage  .   (no gloves)
Will    .....                   f - +0 pair of boots
Stlth   +.........              (no amulet)
HPRegen 0.12/turn               (no ring)
MPRegen 0.10/turn               (no ring)

@: no status effects
A: molten scales 2, weakness stinger 1
a: Renounce Religion, Depart the Abyss


You were on level 2 of the Dungeon.
You worshipped Lugonu.
Lugonu was aware of your devotion.
You visited 1 branch of the dungeon, and saw 2 of its levels.
You visited the Abyss 1 time.

You collected 117 gold pieces.

Inventory:

Hand Weapons
 a - a +1 falchion (weapon)
Armour
 b - a +0 leather armour
 c - a +0 buckler
 d - a +0 ring mail (worn)
 f - a +0 pair of boots (worn)
Scrolls
 g - a scroll of teleportation
 h - a scroll of immolation {unknown}
Potions
 e - 2 potions of mutation {unknown}


   Skills:
 + Level 3.6 Fighting
 + Level 2.5 Long Blades
 + Level 2.6 Armour
 + Level 2.0 Dodging
 - Level 2.6 Invocations


You had 3 spell levels left.
You didn't know any spells.
Your spell library contained the following spells:

 Spells                   Type           Power      Damage    Failure   Level
 Foxfire                  Conj/Fire      0%         2x1d4     54%         1
 Slow                     Hex            0%         N/A       54%         1
 Confusing Touch          Hex            0%         N/A       88%         3
 Conjure Flame            Conj/Fire      0%         6-21      88%         3
 Inner Flame              Hex/Fire       0%         N/A       88%         3
 Vampiric Draining        Necr           0%         2d6       88%         3
 Flame Wave               Conj/Fire      0%         2d4       99%         4


Dungeon Overview and Level Annotations

Branches:
Dungeon (2/15)

Altars:


Innate Abilities, Weirdness & Mutations

You are mostly covered in molten scales. (AC +3)
You have a small tail.


Message History

You see here a +0 spear.
You closely miss the gnoll. You tail-slap the gnoll.
The gnoll is lightly wounded.
The gnoll closely misses you.
You closely miss the gnoll.
The gnoll is lightly wounded.
The gnoll closely misses you.
You hit the gnoll.
The gnoll is heavily wounded.
The gnoll hits you but does no damage.
You hit the gnoll.
Your tail-slap misses the gnoll.
The gnoll is severely wounded.
The gnoll barely misses you.
You hit the gnoll.
Your tail-slap misses the gnoll.
The gnoll is almost dead.
The gnoll hits you but does no damage. The gnoll hits you with a +0 spear.
You closely miss the gnoll.
The gnoll is almost dead.
The gnoll hits you but does no damage.
You slash the gnoll!
You kill the gnoll!
Lugonu accepts your kill. The gnoll closely misses you.
Your Dodging skill increases to level 2!
You hit the gnoll but do no damage. You tail-slap the gnoll.
The gnoll is lightly wounded.
The gnoll barely misses you. The gnoll hits you but does no damage.
You hit the gnoll.
The gnoll is moderately wounded.
The gnoll barely misses you. The gnoll hits you with a +0 whip.
* * * LOW HITPOINT WARNING * * *
The gnoll hits you from afar with a +0 halberd!
* * * LOW HITPOINT WARNING * * *
You hit the gnoll.
The gnoll is heavily wounded.
The gnoll hits you but does no damage. The gnoll misses you.
You barely miss the gnoll. You tail-slap the gnoll.
The gnoll is severely wounded.
The gnoll hits you with a +0 whip.
You die...

#.########.#.##
#.##.....#....####
#.##.##...........
#.##.###.....#....
#.#...............
#.#..###.#####....
#.#..# #.# #....
#.#..# #.# #....
#@#..# #.#####....
#g#..###..........
#g#............#..
##.#.##############
#...........
####.####### #g#
#.# #g#


You could see 2 gnolls.

Vanquished Creatures
  2 gnolls (D:2)
  3 adders (D:2)
  A dart slug (D:1)
  5 ball pythons
  8 bats
  An endoplasm (D:2)
  A giant cockroach (D:2)
  6 goblins
  3 hobgoblins
  7 kobolds
  5 quokkas
  4 frilled lizards
  4 rats
50 creatures vanquished.

Vanquished Creatures (others)
  9 toadstools (D:2)
9 creatures vanquished.

Grand Total: 59 creatures vanquished

Notes
Turn   | Place    | Note
-------+----------+-------------------------------------------
     0 | Abyss:1  | Arcadio the Demonspawn Abyssal Knight began the quest for
                  | the Orb.
     0 | Abyss:1  | Reached XP level 1. HP: 18/18 MP: 2/2
    78 | Abyss:1  | Noticed a large abomination
    88 | Abyss:1  | Noticed a jelly
    94 | Abyss:1  | Noticed a worldbinder
    95 | Abyss:1  | Noticed a deep elf pyromancer
    95 | Abyss:1  | Noticed a deep elf knight
    95 | Abyss:1  | Noticed a deep elf zephyrmancer
    96 | Abyss:1  | Noticed a fire elemental
    96 | D:1      | Escaped the Abyss
   176 | D:1      | Reached skill level 1 in Dodging
   420 | D:1      | Gained mutation: You have a small tail. [demonic ancestry]
   420 | D:1      | Reached XP level 2. HP: 23/24 MP: 4/4
   432 | D:1      | Reached * piety under Lugonu
   924 | D:1      | Gained mutation: You are partially covered in molten
                  | scales. (AC +2) [demonic ancestry]
   924 | D:1      | Reached XP level 3. HP: 17/29 MP: 5/5
  1716 | D:2      | Gained mutation: You are mostly covered in molten scales.
                  | (AC +3) [demonic ancestry]
  1716 | D:2      | Reached XP level 4. HP: 35/35 MP: 6/6
  2160 | D:2      | Slain by a gnoll

Illustrated notes

Levels and vault maps discovered:
D:1:      dpeg_arrival_tiny_b, layout_loops_cross
D:2:      cheibrodos_fertilizer, layout_basic, corexii_leaking_fountain

Skill      XL: |  1  2  3  4 |
---------------+-------------+-----
Dodging        | 1 2 |  2.0
Armour         | 2 |  2.6
Long Blades    | 2 |  2.5
Fighting       | |  3.6
Invocations    | |  2.6

Action                   |  1- 3 |  4- 6 || total
-------------------------+-------+-------++-------
Melee: Falchion          |   119 |    37 ||   156
       Tailslap          |    10 |     6 ||    16
Invok: Depart the Abyss  |     1 |       ||     1
  Use: Scroll            |     2 |       ||     2
Armor: Leather armour    |    41 |       ||    41
       Ring mail         |    36 |    16 ||    52
Dodge: Dodged            |    92 |    23 ||   115
